 Dungeon Crawl Stone Soup version 0.30.0-5-g1a98f26d00 (webtiles) character file.

Game seed: 16179450465911348688

732 Brutalitops the Sneak (level 7, -11/43 HPs)
             Began as an Octopode Hedge Wizard on May 12, 2023.
             Was a Follower of Sif Muna.
             Mangled by Duvessa
             ... wielding a +0 short sword
              (12 damage)
             ... on level 6 of the Dungeon.
             The game lasted 00:19:50 (4103 turns).

Brutalitops the Sneak (Octopode Hedge Wizard)       Turns: 4103, Time: 00:19:51

Health: -11/43     AC:  1    Str:  9    XL:     7   Next: 73%
Magic:  9/14       EV: 13    Int: 24    God:    Sif Muna [*.....]
Gold:   242        SH:  0    Dex: 12    Spells: 11/15 levels left

rFire   . . .        f - +0 dagger (speed)
rCold   . . .        (no shield)
rNeg    . . .        b - +0 hat
rPois   .            (no amulet)
rElec   .            k - +6 ring of intelligence
rCorr   .            (no ring)
SInv    .            (no ring)
Will    .....        (no ring)
Stlth   ++++         (no ring)
HPRegen 0.27/turn    (no ring)
MPRegen 0.14/turn    (no ring)
                     (no ring)

%: no passive effects
@: lethally poisoned (-11 -> -21), marked
A: almost no armour, amphibious, 8 rings, camouflage 1, gelatinous body 1,
(nimble swimmer 1), tentacles
a: Renounce Religion, Channel Magic


You were on level 6 of the Dungeon.
You worshipped Sif Muna.
Sif Muna was aware of your devotion.
You visited 1 branch of the dungeon, and saw 6 of its levels.

You collected 242 gold pieces.

Inventory:

Hand Weapons
 a - a +0 dagger
 d - a +0 spear
 f - a +0 dagger of speed (weapon)
 z - a +0 rapier
Armour
 b - a +0 hat (worn)
Magical Staves
 o - a staff of death
 u - a staff of poison
Jewellery
 k - a +6 ring of intelligence (left tentacle)
Scrolls
 g - a scroll of blinking {unknown}
 h - a scroll of fog {unknown}
 i - a scroll of vulnerability {unknown}
 j - a scroll of fear
 l - a scroll of enchant weapon {unknown}
 p - 2 scrolls of immolation {unknown}
 q - a scroll of teleportation
 t - a scroll of amnesia {unknown}
 w - a scroll of acquirement {unknown}
 y - a scroll of magic mapping {unknown}
Potions
 c - a potion of magic
 e - 4 potions of curing
 m - 3 potions of heal wounds {unknown}
 n - a potion of might {unknown}
 r - 3 potions of invisibility
 s - a potion of lignification {unknown}
 v - 2 potions of haste
 x - a potion of flight {unknown}
 A - a potion of attraction {unknown}


   Skills:
 + Level 1.6 Fighting
 + Level 2.5 Short Blades
 + Level 2.6 Dodging
 + Level 6.4 Stealth
 + Level 4.7 Spellcasting
 * Level 3.8 Conjurations
 + Level 1.0 Summonings
 + Level 1.0 Translocations
 + Level 1.3 Air Magic
 + Level 1.2 Poison Magic


You had 11 spell levels left.
You knew the following spells:

 Your Spells              Type           Power      Damage    Failure   Level
a - Magic Dart            Conj           92%        1d7       1%          1
b - Mephitic Cloud        Conj/Pois/Air  15%        N/A       12%         3

Your spell library contained the following spells:

 Spells                   Type           Power      Damage    Failure   Level
 Slow                     Hex            20%        N/A       9%          1
 Blink                    Tloc           20%        N/A       9%          2
 Call Imp                 Summ           20%        N/A       9%          2
 Cigotuvi's Dreadful Rot  Necr/Pois/Air  18%        N/A       10%         2
 Anguish                  Hex/Necr       2%         N/A       65%         4
 Enfeeble                 Hex            2%         N/A       100%        7


Dungeon Overview and Level Annotations

Branches:
Dungeon (6/15)
 Temple: D:4-7

Altars:
Hepliaklqana
Sif Muna
Vehumet

Annotations:
D:6 Duvessa, Pikel


Innate Abilities, Weirdness & Mutations

You cannot wear most types of armour.
You are amphibious.
You can wear up to eight rings at the same time.
Your skin changes colour to match your surroundings (Stealth+).
Your rubbery body absorbs attacks. (AC +1, EV +1)
((You are camouflaged when in or above water. (Stealth+)))
You have tentacles for arms and can constrict up to eight enemies at once.


Message History

Confirm with . or Enter, or press ? or * to list all spells.
Aiming: Mephitic Cloud (dangerous; 12% risk of failure)
Press: ? - help, Shift-Dir - straight line, f/p - Dowan
Aim: Dowan, wielding a +0 dagger and wearing a +0 robe (noxious fumes, chance to affect: 86%)
The ball explodes into a vile cloud!
The stinking cloud engulfs Dowan but does no damage.
Dowan is engulfed in noxious fumes.
Dowan appears confused.
Dowan is engulfed in noxious fumes.
Dowan appears confused.
Duvessa, Sister of Dowan comes into view.
She is wielding a +0 short sword.
A water moccasin comes into view.
You hit Dowan. You grab Dowan. You tentacle-slap Dowan.
Dowan is lightly wounded.
You constrict Dowan. Dowan barely misses you.
You completely miss Dowan.
Dowan is lightly wounded.
You constrict Dowan. The water moccasin closely misses you.
You strike the helpless Dowan from behind!
You puncture Dowan!
Dowan is almost dead.
You constrict Dowan. The water moccasin closely misses you.
Duvessa gestures with her weapon.
Duvessa hits you with a +0 short sword!
Dowan struggles to escape constriction.
You hit Dowan.
You kill Dowan!
Sif Muna accepts your kill.
Duvessa screams in rage.
Duvessa goes berserk!
The water moccasin bites you.
You are poisoned.
The water moccasin poisons you! Duvessa closely misses you.
As you read the scroll of fear, it crumbles to dust.
You assume a fearsome visage.
Duvessa is unaffected.
The water moccasin looks frightened!
You feel very sick. Duvessa hits you with a +0 short sword.
A lemure comes into view.
You feel very sick. Duvessa hits you with a +0 short sword!
* * * LOW HITPOINT WARNING * * *
Duvessa hits you with a +0 short sword!
You die...

......... ..#
.........# #.#
......... #.# .......
#.# .... #.#
##S######.########
#####................#
#..).....##...########
#....@...##...#
#...e....##...#
#........##<..#
#####.#####...#
#..####...#######
#...............#
#..####...#####.#
K.........#####.##
............<....#


You could see Pikel, Duvessa (berserk) and a water moccasin (fleeing).

Vanquished Creatures
  Eustachio (D:4)
  A sky beast (D:6)
  A black bear (D:5)
  2 lemures (D:6)
  3 scorpions
  Dowan (D:6)
  A hound (D:6)
  A jelly (D:4)
  An iguana (D:5)
  An adder (D:6)
  An ufetubus (D:6)
  2 dart slugs (D:1)
  10 orcs
  9 bats
  6 endoplasms
  2 giant cockroaches
  4 goblins
  7 hobgoblins
  A jackal (D:3)
  7 kobolds
  2 quokkas
  4 ball pythons
  5 frilled lizards
  5 rats
78 creatures vanquished.

Notes
Turn   | Place    | Note
-------+----------+-------------------------------------------
     0 | D:1      | Brutalitops the Octopode Hedge Wizard began the quest for
                  | the Orb.
     0 | D:1      | Reached XP level 1. HP: 11/11 MP: 4/4
   163 | D:1      | Reached XP level 2. HP: 17/17 MP: 0/6
   637 | D:1      | Reached XP level 3. HP: 21/21 MP: 8/8
   891 | D:2      | Reached skill level 3 in Stealth
  1471 | D:2      | Found a shimmering blue altar of Sif Muna.
  1479 | D:2      | Became a worshipper of Sif Muna the Loreminder
  1484 | D:2      | Learned a level 3 spell: Mephitic Cloud
  1907 | D:3      | Reached XP level 4. HP: 27/27 MP: 5/9
  2637 | D:4      | Noticed Eustachio
  2762 | D:5      | Entered Level 5 of the Dungeon
  2769 | D:5      | Reached skill level 1 in Short Blades
  2775 | D:5      | Reached skill level 4 in Stealth
  2777 | D:5      | Noticed a black bear
  2782 | D:5      | Reached * piety under Sif Muna
  2870 | D:5      | Noticed a phantom
  2870 | D:5      | Noticed a scorpion
  2902 | D:5      | Reached XP level 5. HP: 14/31 MP: 3/10
  2903 | D:5      | Found a radiant altar of Vehumet.
  2976 | D:5      | Killed a black bear
  3078 | D:5      | Reached XP level 6. HP: 37/37 MP: 8/12
  3288 | D:5      | Reached skill level 1 in Fighting
  3288 | D:5      | Reached skill level 5 in Stealth
  3553 | D:4      | Found a shimmering blue altar of Sif Muna.
  3562 | D:4      | Found a hazy altar of Hepliaklqana.
  3616 | D:4      | Killed Eustachio
  3617 | D:4      | Reached skill level 1 in Air Magic
  3617 | D:4      | Reached skill level 1 in Poison Magic
  3617 | D:4      | Reached XP level 7. HP: 37/43 MP: 13/13
  3896 | D:6      | Noticed Pikel
  3982 | D:6      | Reached skill level 6 in Stealth
  4089 | D:6      | Noticed Dowan
  4095 | D:6      | Noticed Duvessa
  4101 | D:6      | Killed Dowan
  4103 | D:6      | HP: 1/43 [Duvessa/+0 short sword (15)]
  4103 | D:6      | Mangled by Duvessa

Illustrated notes

Levels and vault maps discovered:
D:1:      psy_arrival_fountain, layout_rooms
D:2:      layout_rooms, basic_altar
D:3:      layout_basic, minmay_cupped
D:4:      layout_cave_pools, mainiacjoe_overflow_swirl, uniq_eustachio
D:5:      layout_rooms, nicolae_vehumet_radiance, minmay_misc_feat_square
D:6:      layout_basic, mainiacjoe_overflow_small_starburst, interstate_on_off,
          uniq_duvessa, uniq_edmund, uniq_pikel, uniq_sigmund, uniq_grinder

Skill      XL: |  1  2  3  4  5  6  7 |
---------------+----------------------+-----
Stealth        | 3 4 5 6 |  6.4
Short Blades   | 1 2 |  2.5
Conjurations   | 2 3 |  3.8
Spellcasting   | 4 |  4.7
Fighting       | 1 |  1.6
Air Magic      | 1 |  1.3
Poison Magic   | 1 |  1.2
Dodging        | |  2.6
Summonings     | |  1.0
Translocations | |  1.0

Action                     |  1- 3 |  4- 6 |  7- 9 || total
---------------------------+-------+-------+-------++-------
  Melee: Dagger            |    83 |    55 |    41 ||   179
         Tentacles         |    16 |    16 |    13 ||    45
         Constrict         |    16 |    14 |     6 ||    36
         Punch             |     1 |       |     1 ||     2
   Cast: Magic Dart        |    41 |     9 |    14 ||    64
         Mephitic Cloud    |     1 |     6 |     5 ||    12
    Use: Scroll            |     4 |     3 |     1 ||     8
         Potion            |       |     1 |       ||     1
   Stab: Sleeping          |    12 |     4 |     1 ||    17
         Confused          |       |     2 |     3 ||     5
 Armour: Skin              |     6 |     4 |     2 ||    12
  Dodge: Dodged            |    43 |     9 |    12 ||    64
